 Dungeon Crawl Stone Soup version 0.30-a0-335-ge5acde7520 (webtiles) character file.

Game seed: 14206505552236299585

7406 McGhostyFace the Fighter (level 11, -5/89 HPs)
             Began as a Gnoll Wanderer on Oct 30, 2022.
             Was an Initiate of Ashenzari.
             Slain by a wraith (8 damage)
             ... led by Josephine
             ... on level 10 of the Dungeon.
             The game lasted 00:31:19 (11693 turns).

McGhostyFace the Fighter (Gnoll Wanderer)          Turns: 11693, Time: 00:31:20

Health: -5/89      AC:  6    Str: 17    XL:     11   Next: 14%
Magic:  21/21      EV: 14    Int: 23    God:    Ashenzari [......]
Gold:   507        SH:  0    Dex: 11    Spells: 12/23 levels left

rFire   . . .      SeeInvis .    s - +6 shillelagh "Devastator" {shatter}
rCold   . . .      Faith    .    E - orb {light}
rNeg    . . .      Spirit   .    G - +2 robe {Will+}
rPois   .          Reflect  .    D - +2 hat of the Tethered Stars {Fort, Melee} (curse)
rElec   .          Harm     .    (no cloak)
rCorr   .          Rampage  .    (no gloves)
Will    +....                    (no boots)
Stlth   ++........               (no amulet)
HPRegen 0.34/turn                I - +6 ring of strength
MPRegen 0.17/turn                g - +6 ring of intelligence

@: slowed, glowing, very slow
A: fangs 1, strong nose, distributed training
a: Renounce Religion, Curse Item, Shatter the Chains


You were on level 10 of the Dungeon.
You worshipped Ashenzari.
Ashenzari was noncommittal.
You visited 2 branches of the dungeon, and saw 11 of its levels.

You collected 507 gold pieces.

Inventory:

Hand Weapons
 a - a +3 falchion
 s - the +6 shillelagh "Devastator" (weapon) {shatter}
   (You found it on level 3 of the Dungeon)

   It releases a powerful concussive burst when it strikes, dealing extra damage
   to the target and all other foes adjacent to them.
 v - a +2 dagger of venom
 y - a +0 lajatang
Missiles
 A - 19 poisoned darts (quivered)
 B - 3 throwing nets
 C - 2 javelins
Armour
 c - a +0 robe
 D - the cursed +2 hat of the Tethered Stars (worn) {Fort, Melee}
   (You found it on level 6 of the Dungeon)

   It has a curse which improves the following skills: Fortitude: Armour and
   Shields.
   Melee Combat: Short Blades, Long Blades, Axes, Maces & Flails, Polearms,
   Staves and Unarmed Combat.
 E - an orb of light (worn)
 G - a +2 robe of willpower (worn)
 J - +0 steam dragon scales
 L - a +2 robe of cold resistance
Jewellery
 g - a +6 ring of intelligence (right hand)
 j - a ring of ice
 I - a +6 ring of strength (left hand)
 O - a ring of fire
Wands
 x - a wand of flame (23)
 H - a wand of roots (10)
 K - a wand of digging (4)
Scrolls
 d - 2 scrolls of amnesia
 e - 3 scrolls of fear
 h - a scroll of enchant weapon {unknown}
 i - 3 scrolls of vulnerability
 k - 3 scrolls of blinking
 l - 7 scrolls of teleportation
 n - 4 scrolls of enchant armour {unknown}
 o - a scroll of immolation {unknown}
 p - a scroll of summoning {unknown}
 q - a scroll of noise {unknown}
 u - a scroll of butterflies {unknown}
 F - a scroll of identify
Potions
 b - 2 potions of lignification
 f - a potion of flight
 m - a potion of might
 r - a potion of curing
 t - 2 potions of magic
 w - a potion of degeneration
 z - a potion of resistance
 M - a potion of heal wounds
 N - a potion of brilliance {unknown}


   Skills:
 + Level 9.1 Fighting
 + Level 6.2(6.6) Short Blades
 + Level 7.8(8.3) Long Blades
 + Level 6.2(6.6) Axes
 + Level 6.2(6.6) Maces & Flails
 + Level 6.2(6.6) Polearms
 + Level 6.2(6.6) Staves
 + Level 6.2 Ranged Weapons
 + Level 6.2 Throwing
 + Level 6.8(7.2) Armour
 + Level 6.2 Dodging
 + Level 7.6 Stealth
 + Level 6.2(6.6) Shields
 + Level 6.2(6.6) Unarmed Combat
 + Level 6.9 Spellcasting
 + Level 5.6 Conjurations
 + Level 5.1 Hexes
 + Level 5.1 Summonings
 + Level 5.1 Necromancy
 + Level 5.1 Translocations
 + Level 5.1 Transmutations
 + Level 5.1 Fire Magic
 + Level 5.1 Ice Magic
 + Level 5.1 Air Magic
 + Level 5.1 Earth Magic
 + Level 5.1 Poison Magic
 + Level 6.8 Invocations
 + Level 6.2 Evocations


You had 12 spell levels left.
You knew the following spells:

 Your Spells              Type           Power      Damage    Failure   Level
a - Magic Dart            Conj           100%       1d8       1%          1
b - Call Canine Familiar  Summ           31%        N/A       2%          3
c - Mephitic Cloud        Conj/Pois/Air  32%        N/A       2%          3
d - Olgreb's Toxic Radia  Pois           31%        N/A       9%          4

Your spell library contained the following spells:

 Spells                   Type           Power      Damage    Failure   Level
 Freeze                   Ice            100%       1d10      1%          1
 Sting                    Tmut/Pois      100%       1d8       1%          1
 Poisonous Vapours        Pois/Air       62%        N/A       1%          2
 Searing Ray              Conj           68%        2d6       1%          2
 Frozen Ramparts          Ice            62%        1d10      2%          3
 Hailstorm                Conj/Ice       32%        3d8       2%          3
 Ozocubu's Armour         Ice            31%        N/A       2%          3
 Portal Projectile        Hex/Tloc       62%        N/A       2%          3
 Fulminant Prism          Conj/Hex       16%        3d10      9%          4
 Leda's Liquefaction      Hex/Erth       15%        N/A       9%          4
 Petrify                  Tmut/Erth      31%        N/A       9%          4
 Eringya's Noxious Bog    Tmut/Pois      15%        N/A       80%         6
 Ozocubu's Refrigeration  Ice            15%        4d10      100%        7
 Maxwell's Capacitive Co  Air            15%        ∞         100%        8


Dungeon Overview and Level Annotations

Branches:
Dungeon (10/15)            Temple (1/1) D:6            Lair (0/5) D:8
    Orc: D:9-12

Altars:
Ashenzari
Dithmenos
Elyvilon
Fedhas
Gozag
Hepliaklqana
Kikubaaqudgha
Makhleb
Nemelex Xobeh
Okawaru
Qazlal
Sif Muna
Trog
Uskayaw
Vehumet
Wu Jian
Xom
Yredelemnul
Zin
The Shining One

Annotations:
D:10 Josephine


Innate Abilities, Weirdness & Mutations

You have very sharp teeth.
Your uncanny sense of smell can sniff out nearby items.
Your experience applies equally to all skills.


Message History

The wraith drains your vigour!
You feel yourself slow down.
The wraith hits you but does no damage. x2
You hit the wraith.
The wraith is lightly damaged.
You bite the wraith, but do no damage.
The wraith is lightly damaged.
The wraith hits you. The wraith drains your vigour!
You feel as though you will be slow longer.
The wraith hits you! The wraith hits you.
You barely miss the wraith. Your bite misses the wraith.
The wraith is lightly damaged.
The wraith hits you! The wraith drains your vigour!
You feel as though you will be slow longer.
The wraith closely misses you. The wraith hits you!
The wraith drains your vigour!
You feel as though you will be slow longer.
The wraith hits you but does no damage. The wraith misses you. x2
You hit the wraith but do no damage. The wraith hits you.
The wraith drains your vigour!
You feel as though you will be slow longer.
The wraith hits you but does no damage. The wraith hits you.
You hit the wraith but do no damage. The wraith barely misses you.
The wraith hits you. The wraith drains your vigour!
You feel as though you will be slow longer.
The wraith hits you. x2; The wraith drains your vigour!
You feel as though you will be slow longer.
The wraith hits you!
* * * LOW HITPOINT WARNING * * *
The wraith drains your vigour!
You feel as though you will be slow longer.
The wraith hits you!
* * * LOW HITPOINT WARNING * * *
The wraith drains your vigour!
You feel as though you will be slow longer.
The wraith hits you!
* * * LOW HITPOINT WARNING * * *
The wraith drains your vigour!
You feel as though you will be slow longer.
The wraith misses you. The wraith hits you!
You die...

###+#######
#######.........#
#.....#.........#
#(...(#.........#
#..8..'.........#
#(....'.....W...#
∆#...♣.'.....W@..#
#.(...#.....W...#
#....(#..'#######
#########..# ##.#
#.# #'#
#.......WW.#
+.......W..#


You could see 3 wraiths.

Vanquished Creatures
  Harold (D:9)
  Erica (D:8)
  The ghost of pokeman the Thaumaturge, a novice DEHW of Vehumet (D:10)
  Psyche (D:9)
  A komodo dragon (D:8)
  Grinder (D:3)
  Sigmund (D:3)
  2 wyverns
  6 yaks (D:9)
  2 steam dragons (D:8)
  Duvessa (D:4)
  3 water moccasins
  A nameless horror (D:4)
  An orc warrior (D:6)
  An ice beast (D:7)
  A sky beast (D:7)
  A black bear (D:7)
  An ogre (D:6)
  6 centaurs
  A phantom (D:5)
  3 kobold brigands
  4 scorpions
  A bullfrog (D:7)
  A necrophage (D:5)
  9 wights
  Dowan (D:4)
  A howler monkey (D:5)
  3 hounds (D:6)
  3 jellies
  4 orc priests
  Natasha (thrice) (D:2)
  3 iguanas
  6 orc wizards
  Terence (D:2)
  Robin (D:3)
  11 adders
  2 white imps (D:5)
  An ufetubus (D:4)
  A worm (D:2)
  4 dart slugs
  34 orcs
  7 bats
  8 endoplasms
  2 giant cockroaches (D:3)
  18 goblins
  4 hobgoblins (D:3)
  4 jackals
  20 kobolds
  7 quokkas
  7 ball pythons
  4 frilled lizards
  9 rats
  A spectral kobold (D:8)
222 creatures vanquished.

Vanquished Creatures (collateral kills)
  A scorpion (D:5)
1 creature vanquished.

Vanquished Creatures (others)
  9 plants
9 creatures vanquished.

Grand Total: 232 creatures vanquished

Notes
Turn   | Place    | Note
-------+----------+-------------------------------------------
     0 | D:1      | McGhostyFace the Gnoll Wanderer began the quest for the
                  | Orb.
     0 | D:1      | McGhostyFace set off with the following items: a +3
                  | falchion, a potion of lignification, a +0 robe; and the
                  | following spell memorised: Magic Dart; and the following
                  | spells available to memorise: Mephitic Cloud.
     0 | D:1      | Reached XP level 1. HP: 23/23 MP: 4/4
    78 | D:1      | Reached XP level 2. HP: 26/29 MP: 5/5
   647 | D:1      | Reached XP level 3. HP: 35/35 MP: 7/7
   977 | D:2      | Reached skill level 1 in Invocations
  1045 | D:2      | Noticed Terence
  1065 | D:2      | Killed Terence
  1066 | D:2      | Reached skill level 1 in Short Blades
  1066 | D:2      | Reached skill level 1 in Axes
  1066 | D:2      | Reached skill level 1 in Maces & Flails
  1066 | D:2      | Reached skill level 1 in Polearms
  1066 | D:2      | Reached skill level 1 in Staves
  1066 | D:2      | Reached skill level 1 in Ranged Weapons
  1066 | D:2      | Reached skill level 1 in Throwing
  1066 | D:2      | Reached skill level 1 in Dodging
  1066 | D:2      | Reached skill level 1 in Shields
  1066 | D:2      | Reached skill level 1 in Unarmed Combat
  1066 | D:2      | Reached skill level 1 in Evocations
  1066 | D:2      | Reached XP level 4. HP: 23/41 MP: 8/8
  1625 | D:2      | Noticed Natasha
  1631 | D:2      | Killed Natasha
  1632 | D:2      | Reached skill level 1 in Hexes
  1632 | D:2      | Reached skill level 1 in Summonings
  1632 | D:2      | Reached skill level 1 in Necromancy
  1632 | D:2      | Reached skill level 1 in Translocations
  1632 | D:2      | Reached skill level 1 in Transmutations
  1632 | D:2      | Reached skill level 1 in Fire Magic
  1632 | D:2      | Reached skill level 1 in Ice Magic
  1632 | D:2      | Reached skill level 1 in Air Magic
  1632 | D:2      | Reached skill level 1 in Earth Magic
  1632 | D:2      | Reached skill level 1 in Poison Magic
  1758 | D:2      | Reached XP level 5. HP: 35/47 MP: 9/9
  1920 | D:2      | Noticed Natasha
  1932 | D:2      | Killed Natasha
  2226 | D:2      | Noticed Natasha
  2237 | D:2      | Killed Natasha
  2314 | D:3      | Noticed Grinder
  2411 | D:3      | Paralysed by Grinder for 5 turns
  2687 | D:3      | Noticed Sigmund
  2724 | D:3      | Found the +6 shillelagh "Devastator" {shatter}
  3114 | D:3      | Killed Sigmund
  3115 | D:3      | Reached skill level 5 in Long Blades
  3115 | D:3      | Reached XP level 6. HP: 48/53 MP: 11/11
  3151 | D:3      | Noticed Robin
  3201 | D:3      | Killed Robin
  3526 | D:3      | Killed Grinder
  3527 | D:3      | Reached skill level 7 in Fighting
  3527 | D:3      | Reached XP level 7. HP: 50/60 MP: 12/12
  3609 | D:3      | Learned a level 3 spell: Call Canine Familiar
  3613 | D:3      | Learned a level 3 spell: Mephitic Cloud
  3662 | D:4      | Reached skill level 5 in Stealth
  3794 | D:4      | Found a shimmering blue altar of Sif Muna.
  3885 | D:4      | Noticed Duvessa
  3912 | D:4      | Killed Duvessa
  3990 | D:4      | Noticed Dowan
  3993 | D:4      | Noticed a nameless horror
  4734 | D:4      | Found a basalt altar of Yredelemnul.
  4734 | D:4      | Found a hide-covered altar of Uskayaw.
  4743 | D:4      | HP: 4/90 [acid (6)]
  4745 | D:4      | Reached XP level 8. HP: 5/67 MP: 14/14
  4995 | D:4      | Killed a nameless horror
  5126 | D:4      | Killed Dowan
  5390 | D:5      | Entered Level 5 of the Dungeon
  5944 | D:5      | Identified the +1 cloak of the Dwarven Hall {Int+6 Dex-5}
  6190 | D:5      | Found a bloodstained altar of Trog.
  6319 | D:6      | Reached XP level 9. HP: 25/73 MP: 16/16
  6322 | D:6      | Reached skill level 5 in Spellcasting
  6907 | D:6      | Reached skill level 5 in Armour
  7247 | D:6      | Found a staircase to the Ecumenical Temple.
  7319 | D:6      | Reached skill level 8 in Fighting
  7349 | Temple   | Entered the Ecumenical Temple
  7793 | D:7      | Reached skill level 5 in Invocations
  8306 | D:7      | Found an ornate altar of the Wu Jian Council.
  8306 | D:7      | Found a broken altar of Ashenzari.
  8310 | D:7      | Became a worshipper of Ashenzari the Shackled
  8905 | D:8      | Noticed Erica
  8917 | D:8      | Killed Erica
  8918 | D:8      | Reached skill level 5 in Short Blades
  8918 | D:8      | Reached skill level 5 in Axes
  8918 | D:8      | Reached skill level 5 in Maces & Flails
  8918 | D:8      | Reached skill level 5 in Polearms
  8918 | D:8      | Reached skill level 5 in Staves
  8918 | D:8      | Reached skill level 5 in Ranged Weapons
  8918 | D:8      | Reached skill level 5 in Throwing
  8918 | D:8      | Reached skill level 5 in Dodging
  8918 | D:8      | Reached skill level 5 in Shields
  8918 | D:8      | Reached skill level 5 in Unarmed Combat
  8918 | D:8      | Reached skill level 5 in Evocations
  8918 | D:8      | Reached XP level 10. HP: 34/82 MP: 15/18
  9366 | D:8      | Found a staircase to the Lair.
  9550 | D:8      | Reached skill level 5 in Conjurations
 10140 | D:8      | Found a hazy altar of Hepliaklqana.
 10241 | D:9      | Learned a level 4 spell: Olgreb's Toxic Radiance
 10279 | D:9      | Found a sparkling altar of Nemelex Xobeh.
 10476 | D:9      | Noticed Harold
 10487 | D:9      | Killed Harold
 10514 | D:9      | Reached skill level 9 in Fighting
 10518 | D:9      | Reached skill level 5 in Hexes
 10518 | D:9      | Reached skill level 5 in Summonings
 10518 | D:9      | Reached skill level 5 in Necromancy
 10518 | D:9      | Reached skill level 5 in Translocations
 10518 | D:9      | Reached skill level 5 in Transmutations
 10518 | D:9      | Reached skill level 5 in Fire Magic
 10518 | D:9      | Reached skill level 5 in Ice Magic
 10518 | D:9      | Reached skill level 5 in Air Magic
 10518 | D:9      | Reached skill level 5 in Earth Magic
 10518 | D:9      | Reached skill level 5 in Poison Magic
 10521 | D:9      | Reached XP level 11. HP: 16/89 MP: 15/21
 10904 | D:9      | Noticed Psyche
 10913 | D:9      | Killed Psyche
 11093 | D:9      | Got the Secrets of the Tempest and Transmogrification
 11553 | D:10     | Entered Level 10 of the Dungeon
 11553 | D:10     | Found a runed translucent gate.
 11553 | D:10     | Found a runed translucent gate.
 11553 | D:10     | Found a runed translucent gate.
 11558 | D:10     | Noticed pokeman's ghost (novice DEHW)
 11585 | D:10     | Killed pokeman's ghost
 11673 | D:10     | Noticed Josephine
 11693 | D:10     | HP: 3/89 [wraith[Josephine] (10)]
 11693 | D:10     | Slain by a wraith

Illustrated notes

Levels and vault maps discovered:
D:1:      doesnt_arrival_eight_statues, layout_loops_corners
D:2:      layout_basic, kennysheep_generic_room_7, uniq_natasha, uniq_terence
D:3:      layout_basic, ebering_dispersal_statue_hall, uniq_sigmund,
          uniq_grinder, uniq_robin
D:4:      layout_loops_ring, mainiacjoe_overflow_paths,
          nicolae_overflow_two_pavilions, uniq_duvessa
D:5:      layout_basic, trog_hazing_becter, serial_bayou_pond_b
D:6:      layout_rooms, minmay_temple_entry_metal_lava, chequers_jeans
D:7:      layout_rooms, gammafunk_temple_overflow_elements
D:8:      layout_loops_ring, nicolae_hepliaklqana_monster_ancestors,
          david_lair_shrubbed, uniq_erica
D:9:      layout_grid_maze, nemelex_xobeh_ov_fountains_minmay,
          hangedman_abyss_or_decor_slice, uniq_psyche, uniq_harold
D:10:     layout_roguey, nicolae_ru_great_annihilating_truth, slow_altar_1,
          david_orc_2, serial_shops, shop, ebering_ghost_rock_garden,
          minivault_8, uniq_amaemon, uniq_josephine
Temple:   chequers_temple_sunken

Skill      XL: |  1  2  3  4  5  6  7  8  9 10 |
---------------+-------------------------------+-----
Conjurations   | 2 3 4 5 |  5.6
Invocations    | 1 2 3 4 5 6 |  6.8
Short Blades   | 1 2 3 5 6 |  6.2
Axes           | 1 2 3 5 6 |  6.2
Maces & Flails | 1 2 3 5 6 |  6.2
Polearms       | 1 2 3 5 6 |  6.2
Staves         | 1 2 3 5 6 |  6.2
Ranged Weapons | 1 2 3 5 6 |  6.2
Throwing       | 1 2 3 5 6 |  6.2
Dodging        | 1 2 3 5 6 |  6.2
Shields        | 1 2 3 5 6 |  6.2
Unarmed Combat | 1 2 3 5 6 |  6.2
Evocations     | 1 2 3 5 6 |  6.2
Spellcasting   | 3 4 5 6 |  6.9
Hexes          | 1 2 3 4 5 |  5.1
Summonings     | 1 2 3 4 5 |  5.1
Necromancy     | 1 2 3 4 5 |  5.1
Translocations | 1 2 3 4 5 |  5.1
Transmutations | 1 2 3 4 5 |  5.1
Fire Magic     | 1 2 3 4 5 |  5.1
Ice Magic      | 1 2 3 4 5 |  5.1
Air Magic      | 1 2 3 4 5 |  5.1
Earth Magic    | 1 2 3 4 5 |  5.1
Poison Magic   | 1 2 3 4 5 |  5.1
Armour         | 3 4 5 6 |  6.8
Long Blades    | 5 6 7 |  7.8
Fighting       | 7 8 9 |  9.1
Stealth        | 5 6 7 |  7.6

Action                   |  1- 3 |  4- 6 |  7- 9 | 10-12 || total
-------------------------+-------+-------+-------+-------++-------
Melee: Falchion          |    74 |   144 |    90 |       ||   308
       Bite              |     5 |    11 |    18 |    15 ||    49
       Punch             |     2 |     1 |     6 |       ||     9
       Shillelagh        |       |       |   126 |   107 ||   233
       Lajatang          |       |       |     2 |       ||     2
Throw: Javelin           |       |       |     5 |     2 ||     7
       Throwing net      |       |       |     3 |       ||     3
       Dart              |       |       |       |     1 ||     1
 Cast: Call Canine Famil |       |       |     6 |       ||     6
       Mephitic Cloud    |       |       |     4 |     1 ||     5
       Magic Dart        |       |       |     2 |       ||     2
       Olgreb's Toxic Ra |       |       |       |     5 ||     5
Invok: Curse Item        |       |       |       |     1 ||     1
Evoke: Wand              |       |     3 |     4 |       ||     7
  Use: Potion            |       |       |     5 |       ||     5
       Scroll            |       |       |     9 |     2 ||    11
 Stab: Sleeping          |     7 |     5 |     5 |     1 ||    18
       Confused          |       |       |     1 |       ||     1
Armor: Robe              |     9 |    42 |    23 |    27 ||   101
       Skin              |       |       |     5 |       ||     5
       Leather armour    |       |       |       |     1 ||     1
Dodge: Dodged            |    46 |    95 |   127 |    81 ||   349

Table legend: (Time is in decaauts)
 A = Elapsed time spent in this place.
 B = Non-inter-level travel time spent in this place.
 C = Inter-level travel time spent in this place.
 D = Time resting spent in this place.
 E = Time spent auto-exploring this place.
 F = Levels seen in this place.
 G = Mean time per level.
                   A        B        C        D        E       F      G
               +--------+--------+--------+--------+--------+-----+--------+
         Total |  11756 |  10959 |    797 |   3182 |   5265 |  11 | 1068.7 |
       Dungeon |  11471 |  10721 |    750 |   3182 |   5034 |  10 | 1147.1 |
        Temple |    284 |    238 |     46 |      0 |    231 |   1 |  284.0 |
               +--------+--------+--------+--------+--------+-----+--------+

Top non-repeatable levels by time:
     D:2: 1576 daAuts
     D:3: 1539 daAuts
     D:4: 1516 daAuts
     D:9: 1390 daAuts
     D:6: 1260 daAuts
     D:8: 1108 daAuts
     D:5: 1051 daAuts
     D:7: 975 daAuts
     D:1: 913 daAuts
  Temple: 284 daAuts
    D:10: 139 daAuts
